 Dungeon Crawl Stone Soup version 0.25-a0-404-gc1b5a34292 (webtiles) character file.

Game seed: 8636094523686644782, levelgen mode: deterministic

7588 Roran the Transmogrifier (level 11, -4/96 HPs)
             Began as a Naga Transmuter on Jan 11, 2020.
             Was an Initiate of Gozag.
             Slain by a 12-headed hydra (5 damage)
             ... on level 1 of the Lair of Beasts.
             The game lasted 00:46:35 (11372 turns).

Roran the Transmogrifier (Naga Transmuter)         Turns: 11372, Time: 00:46:36

Health: -4/96      AC: 10    Str: 14      XL:     11   Next: 17%
Magic:  12/17      EV: 26    Int: 10 (11) God:    Gozag
Gold:   350        SH:  0    Dex: 12      Spells: 7/18 levels left

rFire    . . .     SeeInvis +     - Unarmed
rCold    + . .     Gourm    .   (no shield)
rNeg     . . .     Faith    .   b - +1 robe
rPois    +         Spirit   .   G - +0 hat
rElec    .         Reflect  .   (no cloak)
rCorr    .         Harm     .   n - +0 pair of gloves
MR       +....                  f - +0 naga barding
Stlth    +++.......             (no amulet)
HPRegen  0.26/turn              s - +6 ring of evasion
MPRegen  0.15/turn              J - ring of Phasing {EV+8}

@: lethally poisoned (-4 -> -11), gold aura, hasted, quick
A: large, see invisible, clumsy 1, cold resistance 1, deformed body,
deterioration 1, dopey 1, poison resistance, slowness 2, slow metabolism 1, spit
poison 1, AC +3
a: Spit Poison, Potion Petition, Call Merchant, Bribe Branch, Renounce Religion


You were on level 1 of the Lair of Beasts.
You worshipped Gozag.
Gozag was aware of your devotion.
You were not hungry.

You visited 2 branches of the dungeon, and saw 10 of its levels.

You collected 1899 gold pieces.
You spent 1498 gold pieces at shops.
You paid 51 gold pieces to Gozag.

Inventory:

Missiles
 a - 180 arrows
 I - a throwing net (quivered)
Armour
 b - a +1 robe (worn)
 f - a +0 naga barding (worn)
 n - a +0 pair of gloves (worn)
 C - a +4 ring mail
 G - a +0 hat (worn)
Jewellery
 e - an uncursed ring of protection from fire
 h - a +5 ring of protection
 q - an uncursed ring of ice
 r - an uncursed ring of protection from fire
 s - a +6 ring of evasion (left hand)
 u - a +2 ring of strength
 A - an uncursed ring of fire
 J - the ring of Phasing (right hand) {EV+8}
   (You bought it in a shop on level 6 of the Dungeon)

   [ring of evasion]

   It affects your evasion (+8).
Wands
 y - a wand of digging (7)
 z - a wand of flame (16)
Scrolls
 g - 3 scrolls of remove curse
 j - 4 scrolls of teleportation
 m - 4 scrolls of random uselessness
 t - 2 scrolls of fog {unknown}
 w - 2 scrolls of enchant weapon {unknown}
 B - a scroll of magic mapping {unknown}
 D - a scroll of noise {unknown}
 F - a scroll of acquirement {unknown}
 H - a scroll of identify
 K - 3 scrolls of enchant armour
Potions
 c - a potion of degeneration {unknown}
 i - a potion of brilliance
 k - a potion of heal wounds {unknown}
 l - 2 potions of invisibility
 p - a potion of ambrosia
 v - a potion of haste
 x - 2 potions of flight {unknown}
 E - a potion of mutation {unknown}
Comestibles
 d - 3 rations


   Skills:
 - Level 5.5 Fighting
 + Level 8.2 Dodging
 - Level 5.0 Stealth
 - Level 7.3 Unarmed Combat
 - Level 4.0 Spellcasting
 - Level 10.0 Transmutations


You had 7 spell levels left.
You knew the following spells:

 Your Spells              Type           Power        Failure   Level  Hunger
a - Beastly Appendage     Tmut           ###...       1%          1    #......
b - Sticks to Snakes      Tmut           ###.....     1%          2    ##.....
c - Spider Form           Tmut/Pois      ##........   10%         3    ###....
d - Blade Hands           Tmut           ###.......   12%         5    ######.

Your spell library contained the following spells:

 Spells                   Type           Power        Failure   Level  Hunger
 Ice Form                 Ice/Tmut       ##......     32%         4    #####..
 Petrify                  Tmut/Erth      ##......     32%         4    #####..
 Confusing Touch          Hex            #.......     58%         3    ###....
 Gell's Gravitas          Tloc           #.........   58%         3    ###....
 Yara's Violent Unravell  Hex/Tmut       ##........   65%         5    ######.
 Metabolic Englaciation   Hex/Ice        #.........   100%        5    ######.


Dungeon Overview and Level Annotations

Branches:
Dungeon (9/15)             Temple (0/1) D:6            Lair (1/6) D:9
    Orc: D:9-12

Altars:
Dithmenos
Fedhas
Gozag
Kikubaaqudgha
Makhleb
Nemelex Xobeh
Qazlal
Sif Muna
Uskayaw
Wu Jian
Xom
Zin
The Shining One

Shops:
D:6 =

Annotations:
D:9 exclusion: ice statue


Innate Abilities, Weirdness & Mutations

You cannot wear boots.
Your serpentine skin is tough. (AC +3)
You have supernaturally acute eyesight. (SInv)
Armour fits poorly on your strangely shaped body.
Your system is resistant to poisons. (rPois)
You cover ground very slowly.
You have a slow metabolism.
You can spit poison.
You are clumsy. (Dex -2)
Your flesh is cold resistant. (rC+)
Your body sometimes deteriorates upon taking damage.
You are dopey. (Int -2)


Message History

The 12-headed hydra is moderately wounded.
You feel sick. The 12-headed hydra misses you. The 12-headed hydra bites you!
* * * LOW HITPOINT WARNING * * *
The 12-headed hydra misses you. x2; The 12-headed hydra bites you!
* * * LOW HITPOINT WARNING * * *
The 12-headed hydra bites you but does no damage.
The 12-headed hydra completely misses you. x3
The 12-headed hydra bites you but does no damage.
The 12-headed hydra misses you.
The 12-headed hydra bites you but does no damage.
Okay, then.
It was a potion of haste.
You feel yourself speed up.
Your hands revert to their normal proportions.
Your +0 pair of gloves unmelds from your body.
* * * LOW HITPOINT WARNING * * *
You feel sick. The 12-headed hydra bites you.
* * * LOW HITPOINT WARNING * * *
The 12-headed hydra bites you.
You die...
Your body crumbles into a pile of gold.

.... #.... ..
............
.....#...#. .....#....#
........... #.........
. #......D$##
.#.#.##...#...@.# #
##....#..........#.##
#...................###
.......................
.......................
..............#####....
...........##.# #..#
#.........#..P# .##
#...##....##.## #


You could see a 12-headed hydra.

Vanquished Creatures
  A two-headed ogre (D:8)
  A spiny frog (Lair:1)
  A troll (D:8)
  A merfolk (D:9)
  A hornet (D:8)
  6 yaks (D:9)
  2 wyverns
  2 hungry ghosts
  Duvessa (D:7)
  3 porcupines (D:9)
  A black bear (D:7)
  2 sky beasts (D:6)
  An ice beast (D:6)
  3 orc warriors
  3 ogres
  2 phantoms
  A centaur (D:8)
  2 wolves (Lair:1)
  A crocodile (Lair:1)
  2 big kobolds
  7 bullfrogs
  Dowan (D:7)
  2 scorpions
  15 killer bees (D:8)
  3 crimson imps
  A jelly (D:5)
  2 centaur zombies
  5 hounds
  8 orc priests
  3 iguanas
  8 orc wizards
  5 worker ants
  A hound zombie (D:5)
  7 gnolls
  2 worker ant zombies
  11 adders
  2 river rats (D:5)
  A shadow imp (D:8)
  An ooze (D:3)
  An adder skeleton (D:4)
  3 adder zombies
  3 worms
  2 dart slugs
  7 leopard geckos
  39 orcs
  11 bats
  10 giant cockroaches
  12 goblins
  7 hobgoblins
  3 jackals (D:4)
  17 kobolds
  4 quokkas
  7 frilled lizards
  A jackal skeleton (D:4)
  2 leopard gecko skeletons
  A leopard gecko zombie (D:7)
  12 rats
264 creatures vanquished.

Vanquished Creatures (others)
  3 fungi (D:9)
3 creatures vanquished.

Grand Total: 267 creatures vanquished

Notes
Turn   | Place    | Note
-------+----------+-------------------------------------------
     0 | D:1      | Roran the Naga Transmuter began the quest for the Orb.
     0 | D:1      | Reached XP level 1. HP: 18/18 MP: 3/3
    86 | D:1      | Reached skill level 1 in Stealth
   118 | D:1      | Reached XP level 2. HP: 25/25 MP: 5/5
   206 | D:1      | Learned a level 2 spell: Sticks to Snakes
   461 | D:1      | Reached skill level 3 in Transmutations
   466 | D:1      | Reached XP level 3. HP: 31/31 MP: 6/6
   489 | D:1      | Learned a level 3 spell: Spider Form
  1489 | D:2      | Reached XP level 4. HP: 32/38 MP: 4/7
  1507 | D:2      | Reached skill level 4 in Transmutations
  1953 | D:3      | Found an opulent altar of Gozag.
  2121 | D:3      | Reached XP level 5. HP: 42/44 MP: 4/8
  2189 | D:3      | Found a sparkling altar of Nemelex Xobeh.
  2237 | D:3      | Became a worshipper of Gozag Ym Sagoz the Greedy
  2359 | D:3      | Found a shimmering blue altar of Sif Muna.
  2642 | D:3      | Reached skill level 5 in Transmutations
  2642 | D:3      | Reached XP level 6. HP: 49/51 MP: 6/9
  2883 | D:3      | Reached skill level 5 in Stealth
  2938 | D:4      | Found a sparkling altar of Nemelex Xobeh.
  2940 | D:4      | Found a shimmering altar of Xom.
  3074 | D:4      | Reached skill level 6 in Transmutations
  3484 | D:4      | Found an ornate altar of the Wu Jian Council.
  3501 | D:4      | Found a burning altar of Makhleb.
  3512 | D:4      | Reached XP level 7. HP: 55/57 MP: 7/10
  3674 | D:5      | Entered Level 5 of the Dungeon
  3681 | D:5      | Found a hide-covered altar of Uskayaw.
  3841 | D:5      | Found a glowing drain.
  3842 | D:5      | Reached skill level 7 in Transmutations
  4623 | D:6      | Found Tigurr's Jewellery Boutique.
  4636 | D:6      | Reached XP level 8. HP: 69/69 MP: 7/12
  4651 | D:6      | Learned a level 5 spell: Blade Hands
  5198 | D:6      | Found a glowing golden altar of the Shining One.
  5246 | D:6      | Reached skill level 5 in Unarmed Combat
  5338 | D:6      | Found a staircase to the Ecumenical Temple.
  5684 | D:7      | Noticed Duvessa
  5684 | D:7      | Noticed Dowan
  5687 | D:7      | Killed Dowan
  5692 | D:7      | Killed Duvessa
  5811 | D:7      | Got a slimy falchion
  5812 | D:7      | Identified the +5 falchion of the Real Monster {drain,
                  | *Noise rElec rC+ Dex+7} (You found it on level 7 of the
                  | Dungeon)
  6248 | D:7      | Reached XP level 9. HP: 44/79 MP: 0/15
  6450 | D:7      | Reached skill level 5 in Fighting
  6635 | D:7      | Found Zin's Purification Station.
  6646 | D:7      | Found a glowing silver altar of Zin.
  6652 | D:7      | Bought a potion of curing for 90 gold pieces
  6910 | D:7      | Gained mutation: Your body sometimes deteriorates upon
                  | taking damage. [mutagenic glow]
  6960 | D:7      | Gained mutation: You are dopey. (Int -2) [mutagenic glow]
  6999 | D:7      | Gained mutation: Your flesh is cold resistant. (rC+)
                  | [mutagenic glow]
  7023 | D:7      | Gained mutation: You are clumsy. (Dex -2) [mutagenic glow]
  7456 | D:8      | Found a blossoming altar of Fedhas.
  7461 | D:8      | Found a stormy altar of Qazlal.
  7744 | D:8      | Reached skill level 8 in Transmutations
  7918 | D:8      | Noticed a two-headed ogre
  7932 | D:8      | Killed a two-headed ogre
  7932 | D:8      | Reached skill level 9 in Transmutations
  7932 | D:8      | Reached XP level 10. HP: 13/88 MP: 11/16
  9028 | D:8      | Reached skill level 10 in Transmutations
  9451 | D:8      | Reached skill level 5 in Dodging
  9639 | D:9      | Noticed an ice statue
  9659 | D:9      | Found an ancient bone altar of Kikubaaqudgha.
 10101 | D:9      | Found a staircase to the Lair.
 10218 | D:6      | Bought the ring of Phasing {EV+8} for 1408 gold pieces
 10218 | D:6      | Found the ring of Phasing {EV+8}
 10332 | D:9      | Found a shadowy altar of Dithmenos.
 10400 | D:9      | Reached XP level 11. HP: 32/96 MP: 12/17
 11306 | Lair:1   | Entered Level 1 of the Lair of Beasts
 11356 | Lair:1   | Noticed an eight-headed hydra
 11372 | Lair:1   | HP: 1/96 [12-headed hydra (5)]
 11372 | Lair:1   | Slain by a 12-headed hydra

Levels and vault maps discovered:
D:1:      grunt_arrival_lava_bath, layout_loops_cross, minmay_pentomino_p4
D:2:      layout_loops_ring
D:3:      layout_basic, grunt_temple_overflow_opulence,
          nicolae_overflow_hidden_temple
D:4:      layout_cave_pools, kennysheep_mini, lemuel_crystal_altar,
          makhleb_heckhound_becter, first_ration,
          nemelex_xobeh_ov_fountains_minmay
D:5:      layout_cave_pools, lemuel_round_altar, portal_sewer_entry_b
D:6:      layout_gridville, old_standard_altar, minmay_temple_entry_poolview,
          serial_shops, shop
D:7:      layout_gridville, zin_purify, uniq_duvessa
D:8:      layout_basic, grunt_temple_overflow_forces_of_nature
D:9:      layout_stronghold, nicolae_overflow_crystal_walls,
          nicolae_dithmenos_the_darkroom, grunt_lair_entry_orc_guard_hut,
          hangedman_fish_farm, minivault_16, dk_noncrumbling_4
Lair:1:   layout_gridlike, cheibrodos_lair_caveside_slide, uniq_grum,
          uniq_fannar

Skill      XL: |  1  2  3  4  5  6  7  8  9 10 11 |
---------------+----------------------------------+-----
Stealth        | 1 2 3 4 5 |  5.0
Transmutations | 3 4 5 6 7 9 10 | 10.0
Fighting       | 3 4 5 |  5.5
Unarmed Combat | 4 6 7 |  7.3
Spellcasting   | 4 |  4.0
Dodging        | 3 7 8 |  8.2

Action                   |  1- 3 |  4- 6 |  7- 9 | 10-12 || total
-------------------------+-------+-------+-------+-------++-------
Melee: Unarmed           |    89 |   181 |   333 |   192 ||   795
       Headbutt          |     6 |       |     3 |       ||     9
       Punch             |       |       |     3 |       ||     3
 Cast: Beastly Appendage |    10 |       |     2 |       ||    12
       Spider Form       |    10 |    28 |    31 |    12 ||    81
       Blade Hands       |       |       |    14 |    17 ||    31
 Abil: Spit Poison       |    23 |       |     3 |       ||    26
Evoke: Wand              |       |       |     3 |       ||     3
  Use: Scroll            |       |     9 |     1 |       ||    10
       Potion            |       |     1 |     3 |     4 ||     8
 Stab: Sleeping          |     1 |    11 |     4 |     1 ||    17
       Distracted        |       |     1 |     1 |     2 ||     4
  Eat: Chunk             |     5 |     4 |       |       ||     9
       Ration            |       |     1 |     8 |     6 ||    15
Armor: Robe              |    22 |    37 |    42 |    20 ||   121
       Skin              |     3 |    30 |    19 |     3 ||    55
Dodge: Dodged            |    60 |   184 |   267 |   242 ||   753

Table legend:
 A = Non-vault XP
 B = Vault XP
 C = Vault XP percentage of total XP
 D = Non-vault monster count
 E = Vault monster count
 F = Vault count percentage of total count
                 A         B        C        D         E       F
            +---------+---------+-------+---------+---------+-------
      Total |    9387 |    1454 |  13.4 |     245 |      19 |   7.2
            +---------+---------+-------+---------+---------+-------
        D:1 |      48 |       4 |   7.7 |      30 |       2 |   6.2
        D:2 |      90 |       0 |   0.0 |      20 |       0 |   0.0
        D:3 |     205 |       0 |   0.0 |      30 |       0 |   0.0
        D:4 |     236 |      43 |  15.4 |      18 |       1 |   5.3
        D:5 |     516 |      32 |   5.8 |      26 |       6 |  18.8
        D:6 |     828 |       0 |   0.0 |      15 |       0 |   0.0
        D:7 |     935 |     211 |  18.4 |      31 |       2 |   6.1
        D:8 |    3820 |       0 |   0.0 |      50 |       0 |   0.0
        D:9 |    1965 |     937 |  32.3 |      22 |       6 |  21.4
     Lair:1 |     744 |     227 |  23.4 |       3 |       2 |  40.0
            +---------+---------+-------+---------+---------+-------
